 Dungeon Crawl Stone Soup version 0.20-a0-1073-g49e0d3e (webtiles) character file.

3432 Ihatecarrots00 the Spear-Bearer (level 9, -2/79 HPs)
             Began as a Minotaur Berserker on Apr 24, 2017.
             Was an Elder of Trog.
             Slain by a two-headed ogre
             ... wielding a +0 giant club
              (10 damage)
             ... while paralysed
             ... on level 8 of the Dungeon on Apr 28, 2017.
             The game lasted 00:24:26 (5753 turns).

Ihatecarrots00 the Spear-Bearer (MiBe)              Turns: 5753, Time: 00:24:27

Health: -2/79      AC: 11    Str: 28      XL:     9   Next: 77%
Magic:  2/2        EV:  2    Int:  0 (2)  God:    Trog [****..]
Gold:   325        SH:  0    Dex:  9      Spells: 8/8 levels left

rFire    . . .     SeeInvis +   v - +0 spear (antimagic)
rCold    . . .     Gourm    .   A - +0 shield
rNeg     . . .     Faith    .   f - +3 ring mail {rPois}
rPois    +         Spirit   .   (helmet restricted)
rElec    .         Reflect  .   (no cloak)
rCorr    .         Harm     .   C - +0 pair of gloves
MR       .....                  (no boots)
Stlth    +.........             z - amulet of regeneration
Regen    1.5/turn               K - ring of flight
MPRegen  0.1/turn               L - ring of see invisible

@: paralysed, about to teleport, slowed, lost intelligence
A: retaliatory headbutt, horns 2, talons 1, blurry vision 1, deterioration 2,
dopey 1, regeneration 2, strong 1, MP-powered wands
a: Berserk, Trog's Hand, Brothers in Arms, Burn Spellbooks, Renounce Religion,
Evoke Flight


You were on level 8 of the Dungeon.
You worshipped Trog.
Trog was greatly pleased with you.
You were not hungry.

You visited 1 branch of the dungeon, and saw 8 of its levels.

You collected 325 gold pieces.

Inventory:

Hand Weapons
 v - a +0 antimagic spear (weapon)
Armour
 f - a +3 ring mail of poison resistance (worn)
 n - a cursed +0 robe
 p - a +0 ring mail
 A - a +0 shield (worn)
 C - a +0 pair of gloves (worn)
Magical Staves
 u - an uncursed staff of power {unknown}
 D - an uncursed staff of summoning {unknown}
Jewellery
 h - an uncursed amulet of rage
 z - an amulet of regeneration (around neck)
 K - a ring of flight (left hand)
 L - a ring of see invisible (right hand)
Wands
 j - a wand of random effects (18/48)
 w - a wand of flame (16/48)
 y - a wand of clouds (4/9)
 B - a wand of paralysis (21/24)
 H - a wand of flame (23/48)
 J - a wand of flame (28/48)
Scrolls
 b - a scroll of identify
 e - 2 scrolls of blinking
 g - 3 scrolls of fog
 k - 5 scrolls of remove curse
 l - 4 scrolls of teleportation
 G - a scroll of enchant armour
Potions
 d - 2 potions of brilliance {unknown}
 i - a potion of haste
 m - a potion of ambrosia
 q - 5 potions of heal wounds {unknown}
 r - 2 potions of flight
 t - 2 potions of invisibility {unknown}
 x - a potion of cancellation {unknown}
 F - a potion of mutation {unknown}
 I - a potion of degeneration {unknown}
Comestibles
 a - 5 royal jellies
 c - 4 fruits
 s - 4 meat rations
 E - 3 bread rations


   Skills:
 + Level 7.2 Fighting
   Level 6.7(9.2) Axes
 * Level 9.8(10.7) Polearms
 + Level 7.7 Armour
 + Level 5.5 Dodging
 + Level 1.5 Stealth
 + Level 3.8 Shields


You had 8 spell levels left.
You didn't know any spells.

Dungeon Overview and Level Annotations

Branches:
Dungeon (8/15)             Temple (0/1) D:6
   Lair: D:8-11

Altars:
Nemelex Xobeh
Sif Muna

Shops:
D:4 =   D:5 *


Innate Abilities, Weirdness & Mutations

You reflexively headbutt those who attack you in melee.
You have a pair of horns on your head.
You have sharp toenails.
Scrolls take you a little longer to read.
Your body often deteriorates upon taking damage.
You are dopey. (Int -2)
You heal very quickly.
Your muscles are strong. (Str +2)
You expend magic power (3 MP) to strengthen your wands.


Message History

The two-headed ogre hits you with a dire flail.
* * * LOW HITPOINT WARNING * * *
Really read with blurry vision while enemies are nearby? [Y]es or [N]o only, please.
Really read with blurry vision while enemies are nearby?
You block the two-headed ogre's attack. x2
You begin reading the scroll.
You continue reading the scroll.
The two-headed ogre hits you with a giant club.
* * * LOW HITPOINT WARNING * * *
You block the two-headed ogre's attack.
As you read the scroll of teleportation, it crumbles to dust.
You feel strangely unstable.
The two-headed ogre hits you with a giant club.
* * * LOW HITPOINT WARNING * * *
The two-headed ogre misses you.
The two-headed ogre hits you with a giant club!
* * * LOW HITPOINT WARNING * * *
Your body deteriorates!
You feel dopey.
You have lost your intelligence.
The two-headed ogre hits you with a dire flail!
You die...

#######.#.############
#.#.# #.....# #.#.#
#.###.#..# #.#.######.#
#.#..# #.#........#
#.#..# #######.##########
#.#..# ........# #.#..#
####################.#..#
#......@O...#..#
#.######../....#
#.....$......
#......)..##. #.........#
###......... #.##.##.##.
#.# [# .# #.. .. .


You could see a two-headed ogre.

Vanquished Creatures
  A hippogriff (D:7)
  4 hogs (D:7)
  A human (D:7)
  Edmund (D:5)
  A water moccasin (D:7)
  3 sky beasts (D:5)
  An ice beast (D:5)
  An orc warrior (D:6)
  A black bear (D:7)
  An eye of draining (D:8)
  A phantom (D:7)
  4 ogres
  A centaur (D:3)
  2 bullfrogs (D:6)
  A scorpion (D:8)
  An electric eel (D:7)
  3 crimson imps
  A hound (D:7)
  A quasit (D:6)
  A centaur zombie (D:5)
  A bullfrog skeleton (D:6)
  A centaur skeleton (D:7)
  3 orc priests
  Ijyb (D:5)
  Terence (D:3)
  2 iguanas (D:7)
  5 orc wizards
  6 worker ants
  A killer bee zombie (D:5)
  A hound zombie (D:6)
  A hound skeleton (D:6)
  A worker ant zombie (D:6)
  Robin (D:4)
  A gnoll (D:1)
  7 adders
  2 adder skeletons (D:6)
  A worm (D:5)
  A dart slug (D:2)
  5 leopard geckos
  20 orcs
  7 bats
  9 giant cockroaches
  17 goblins
  12 hobgoblins
  2 jackals (D:2)
  6 kobolds
  2 quokkas
  2 ball pythons
  3 frilled lizards
  A quokka zombie (D:7)
  4 rats
158 creatures vanquished.

Notes
Turn   | Place    | Note
-------+----------+-------------------------------------------
     0 | D:1      | Ihatecarrots00 the Minotaur Berserker began the quest for the Orb.
     0 | D:1      | Reached XP level 1. HP: 19/19 MP: 0/0
    24 | D:1      | Reached XP level 2. HP: 19/27 MP: 1/1
   524 | D:1      | Reached XP level 3. HP: 29/33 MP: 2/2
   662 | D:1      | Upgraded the game from 0.20-a0-1048-gd0c4d64 to 0.20-a0-1073-g49e0d3e
   806 | D:2      | Reached ** piety under Trog
  1032 | D:2      | Found a sparkling altar of Nemelex Xobeh.
  1165 | D:3      | Reached skill level 5 in Axes
  1165 | D:3      | Reached XP level 4. HP: 38/41 MP: 3/3
  1476 | D:3      | Noticed a centaur
  1486 | D:3      | Killed a centaur
  1486 | D:3      | Reached XP level 5. HP: 28/47 MP: 4/4
  1817 | D:3      | Noticed Terence
  1828 | D:3      | Killed Terence
  2195 | D:4      | Noticed an ogre
  2197 | D:4      | Noticed Robin
  2202 | D:4      | Killed an ogre
  2202 | D:4      | Reached skill level 5 in Fighting
  2202 | D:4      | Reached XP level 6. HP: 56/56 MP: 5/5
  2211 | D:4      | Killed Robin
  2213 | D:4      | Reached *** piety under Trog
  2499 | D:4      | Found Laelorus's Jewellery Boutique.
  2681 | D:4      | Reached skill level 1 in Polearms
  3032 | D:5      | Entered Level 5 of the Dungeon
  3042 | D:5      | Found Kihoqupu's General Store.
  3063 | D:5      | Reached XP level 7. HP: 61/61 MP: 2/6
  3084 | D:5      | Noticed Edmund
  3093 | D:5      | Killed Edmund
  3093 | D:5      | Reached skill level 5 in Armour
  3095 | D:5      | Reached skill level 2 in Polearms
  3346 | D:5      | Noticed Ijyb
  3365 | D:5      | Killed Ijyb
  3498 | D:5      | Reached skill level 3 in Polearms
  3570 | D:5      | Reached XP level 8. HP: 53/70 MP: 2/7
  3614 | D:5      | Reached skill level 4 in Polearms
  3620 | D:5      | Reached **** piety under Trog
  3700 | D:5      | Gained mutation: Your muscles are strong. (Str +2) [mutagenic meat]
  3701 | D:5      | Gained mutation: Your natural rate of healing is unusually fast. [mutagenic meat]
  3702 | D:5      | Gained mutation: Your body sometimes deteriorates upon taking damage. [mutagenic meat]
  3703 | D:5      | Gained mutation: You have sharp toenails. [mutagenic meat]
  3704 | D:5      | Gained mutation: You expend magic power (3 MP) to strengthen your wands. [mutagenic meat]
  3705 | D:5      | Gained mutation: You are dopey. (Int -2) [mutagenic meat]
  3715 | D:5      | Reached skill level 5 in Polearms
  3716 | D:5      | Found a deep blue altar of Sif Muna.
  3819 | D:5      | Gained mutation: Your body often deteriorates upon taking damage. [mutagenic meat]
  3820 | D:5      | Gained mutation: Scrolls take you a little longer to read. [mutagenic meat]
  3822 | D:5      | Gained mutation: You heal very quickly. [mutagenic meat]
  4153 | D:6      | Found a staircase to the Ecumenical Temple.
  4292 | D:6      | Reached skill level 6 in Polearms
  4682 | D:6      | Reached skill level 1 in Shields
  4686 | D:6      | Reached skill level 7 in Polearms
  4752 | D:7      | Noticed a hippogriff
  4764 | D:7      | Killed a hippogriff
  4764 | D:7      | Reached skill level 1 in Stealth
  4764 | D:7      | Reached XP level 9. HP: 57/78 MP: 2/8
  4980 | D:7      | Reached skill level 8 in Polearms
  5153 | D:7      | Reached skill level 5 in Dodging
  5344 | D:7      | Reached skill level 9 in Polearms
  5729 | D:8      | Noticed a two-headed ogre
  5753 | D:8      | Lost intelligence.
  5753 | D:8      | Slain by a two-headed ogre

Vault maps used:
D:1:      dpeg_arrival_arbitrary_c
D:2:      nemelex_xobeh_ov_fountains_minmay, first_bread
D:3:      uniq_terence
D:4:      serial_shops, shop, uniq_robin
D:5:      serial_shops, shop, tgw_sif, uniq_edmund, uniq_ijyb
D:6:      minmay_temple_entry_glass, kennysheep_generic_room_12
D:7:      grunt_livestock, kennysheep_minor_cross
D:8:      hangedman_abyss_or_decor_lesser_grid, uniq_maurice

Skill      XL: |  1  2  3  4  5  6  7  8  9 |
---------------+----------------------------+-----
Axes           | 4 5 6 |  6.7
Fighting       | 4 5 6 7 |  7.2
Armour         | 3 4 6 7 |  7.7
Dodging        | 3 4 5 |  5.5
Polearms       | 1 3 7 9 |  9.8
Shields        | 1 3 |  3.8
Stealth        | 1 |  1.5

Action                   |  1- 3 |  4- 6 |  7- 9 || total
-------------------------+-------+-------+-------++-------
Melee: Hand axe          |    68 |    88 |       ||   156
       Headbutt          |    14 |    30 |    67 ||   111
       Spear             |       |    41 |   356 ||   397
       Kick              |       |       |    75 ||    75
Invok: Berserk           |       |     1 |     5 ||     6
       Burn Spellbooks   |       |       |     1 ||     1
  Use: Scroll            |       |    13 |     2 ||    15
       Potion            |       |     1 |     4 ||     5
  Eat: Bread ration      |       |     2 |     2 ||     4
       Chunk             |       |     1 |    10 ||    11
       Meat ration       |       |       |     1 ||     1
Armor: Animal skin       |    11 |       |       ||    11
       Ring mail         |    13 |    38 |    91 ||   142
Dodge: Dodged            |    54 |    68 |    86 ||   208
Block: Shield            |       |       |    74 ||    74
